AoeStats
← PRO_ENEMY

Coastal Forest

503696811Analyzed
4v4 RM · 1mo ago on Sep 1, 2026· 125m 46s· 8 players
Game mode
Random Map
Map size
Large (8 player)
Population
200
Speed
Normal
Resources
Standard
Victory
Conquest
Starting age
Dark Age
Ending age
Imperial Age
RankedLock teamsTeams togetherTeam positionsShared explorationLock speedFull tech treeHidden civsTurbo modeCheats
Victory
Defeat
🇲🇽 Persians · Mexico
1194
+17
🇨🇦 Slavs · Canada
1179
+17
🇵🇰 Teutons · Pakistan
1178
+17
🇹🇼 Khitans · Taiwan
1155
+18
🇨🇭 Magyars · Switzerland
1325
-22
🇨🇭 Persians · Switzerland
1188
-17
🇨🇭 Tatars · Switzerland
1165
-15
🇨🇭 Shu · Switzerland
1144
-15
marineEdgeLord
2:10 Loom
11:34 Feudal Age
12:21 Double-Bit Axe
19:29 Castle Age
19:18 Horse Collar
20:23 Bow Saw
20:24 Scale Barding Armor
22:48 Wheelbarrow
22:36 Heavy Plow
24:29 Hand Cart
24:30 Fishing Lines
26:07 Bloodlines
25:58 Husbandry
26:33 Chain Barding Armor
27:17 Forging
27:13 Stone Mining
29:37 Gold Mining
33:27 Imperial Age
31:15 Squires
30:39 Man-at-Arms
31:29 Man-at-Arms
32:48 Iron Casting
32:52 Scale Mail Armor
32:32 Long Swordsman
32:40 Long Swordsman
35:03 Gold Shaft Mining
34:03 Cavalier
35:19 Plate Barding Armor
35:15 Capped Ram
35:51 Two-Handed Swordsman
38:55 Chain Mail Armor
38:50 Champion
39:37 Fletching
40:20 Plate Mail Armor
39:41 Fletching
40:24 Pikeman
41:31 Bodkin Arrow
42:37 Blast Furnace
41:04 Halberdier
41:12 Halberdier
43:23 Crop Rotation
44:00 Onager
45:32 Siege Ram
58:09 Heavy Scorpion
63:26 Druzhina
65:16 Conscription
65:30 Caravan
75:22 Ballistics
75:36 Light Cavalry
80:26 Elite Skirmisher
83:23 Siege Engineers
84:22 Chemistry
84:00 Padded Archer Armor
86:05 Leather Archer Armor
87:54 Ring Archer Armor
96:52 Two-Man Saw
112:01 Siege Onager
119:14 Siege Onager
RMXs | Arobledoz
7:09 Loom
9:56 Feudal Age
10:23 Double-Bit Axe
21:32 Castle Age
25:00 Stone Mining
30:15 Town Watch
34:19 Horse Collar
39:17 Bow Saw
40:25 Scale Barding Armor
40:31 Forging
40:54 Squires
40:15 Pikeman
43:29 Wheelbarrow
42:55 Town Patrol
47:15 Hand Cart
47:47 Chain Barding Armor
49:22 Iron Casting
50:21 Padded Archer Armor
56:10 Imperial Age
58:40 Plate Barding Armor
59:53 Blast Furnace
58:33 Heavy Camel Rider
62:35 Heavy Scorpion
65:29 Two-Man Saw
65:13 Heavy Plow
68:36 Crop Rotation
67:39 Halberdier
72:37 Light Cavalry
74:46 Scale Mail Armor
79:59 Capped Ram
83:58 Caravan
85:18 Siege Ram
86:31 Bloodlines
PRO_ENEMY
7:40 Loom
7:53 Loom
10:04 Feudal Age
10:33 Double-Bit Axe
10:29 Horse Collar
16:28 Wheelbarrow
20:31 Castle Age
18:28 Gold Mining
18:58 Bloodlines
21:21 Scale Barding Armor
21:28 Bow Saw
21:19 Heavy Plow
22:17 Forging
24:19 Chain Barding Armor
24:15 Hand Cart
23:47 Town Watch
25:22 Heavy Plow
30:19 Iron Casting
41:40 Imperial Age
39:33 Fletching
40:05 Ballistics
39:55 Masonry
39:56 Fortified Wall
39:46 Stone Mining
40:55 Bodkin Arrow
41:44 Stone Shaft Mining
42:59 Plate Barding Armor
43:25 Blast Furnace
41:46 Cavalier
42:52 Elite Skirmisher
43:34 Padded Archer Armor
44:36 Chemistry
43:16 Paladin
44:47 Conscription
49:18 Leather Archer Armor
61:50 Crenellations
63:14 Scale Mail Armor
64:46 Ring Archer Armor
72:43 Scale Mail Armor
73:42 Chain Mail Armor
73:05 Pikeman
73:46 Squires
73:31 Gambesons
73:32 Arson
76:02 Halberdier
82:06 Two-Man Saw
81:38 Crop Rotation
82:28 Caravan
96:57 Plate Mail Armor
98:42 Ironclad
98:28 Caravan
98:59 Coinage
103:46 Ironclad
shanghung0314
7:08 Loom
9:44 Feudal Age
11:01 Double-Bit Axe
16:16 Forging
19:19 Scale Barding Armor
19:28 Domestication
23:38 Castle Age
22:28 Gold Mining
23:46 Light Cavalry
24:26 Husbandry
25:04 Iron Casting
27:39 Chain Barding Armor
27:40 Bow Saw
34:20 Wheelbarrow
33:30 Town Watch
37:00 Fletching
40:46 Imperial Age
38:39 Hand Cart
38:25 Town Patrol
38:23 Bodkin Arrow
39:21 Ballistics
39:03 Padded Archer Armor
40:05 Pastoralism
40:37 Leather Archer Armor
41:39 Bracer
42:10 Ring Archer Armor
42:42 Chemistry
41:47 Heavy Cavalry Archer
42:53 Parthian Tactics
42:33 Thumb Ring
42:42 Heavy Camel Rider
43:59 Plate Barding Armor
44:26 Conscription
46:00 Hussar
52:24 Ordo Cavalry
59:37 Elite Skirmisher
60:41 Scale Mail Armor
60:37 Pikeman
61:17 Squires
61:39 Chain Mail Armor
64:07 Caravan
65:44 Lamellar Armor
80:31 Guard Tower
80:56 Masonry
81:38 Murder Holes
84:20 Siege Engineers
88:48 Capped Ram
96:49 Transhumance
97:22 Two-Man Saw
96:19 Siege Ram
101:24 Coinage
101:06 Guilds
103:30 Banking
103:07 Treadmill Crane
Zuff
6:52 Loom
9:51 Feudal Age
10:54 Double-Bit Axe
16:53 Fishing Lines
22:21 Castle Age
20:53 Fletching
23:03 Medium Warships
22:54 Bodkin Arrow
29:44 Gillnets
36:50 Gold Mining
36:51 Stone Mining
37:38 Wheelbarrow
38:01 Masonry
38:13 Ballistics
37:49 Murder Holes
39:02 Man-at-Arms
40:03 Long Swordsman
44:13 Imperial Age
41:32 Town Watch
43:50 Forging
43:41 Scale Mail Armor
45:20 Guard Tower
47:54 Hand Cart
48:47 Chemistry
48:05 Elite Skirmisher
56:49 Bloodlines
58:19 Husbandry
58:31 Cavalier
59:02 Light Cavalry
60:28 Scale Barding Armor
61:23 Conscription
71:00 Husbandry
70:37 Savar
71:06 Hussar
71:39 Horse Collar
74:04 Iron Casting
81:08 Padded Archer Armor
84:23 Capped Ram
90:21 Heavy Plow
94:13 Blast Furnace
106:54 Chain Barding Armor
112:50 Plate Barding Armor
Damzleboss
9:59 Feudal Age
12:01 Bloodlines
13:55 Loom
17:37 Horse Collar
25:48 Castle Age
26:09 Forging
26:06 Scale Barding Armor
27:11 Gold Mining
29:37 Wheelbarrow
29:16 Husbandry
38:48 Imperial Age
38:41 Iron Casting
39:09 Heavy Plow
39:51 Chain Barding Armor
40:11 Ballistics
40:37 Conscription
40:59 Fletching
44:43 Double-Bit Axe
44:30 Heavy Camel Rider
48:05 Blast Furnace
50:12 Light Cavalry
52:21 Timurid Siegecraft
54:37 Chemistry
55:06 Cavalier
64:35 Heavy Scorpion
73:14 Bow Saw
74:40 Crop Rotation
74:43 Capped Ram
80:44 Hussar
83:47 Siege Ram
94:53 Elite Skirmisher
96:22 Squires
Sisyphedelamottas
7:34 Loom
10:46 Feudal Age
11:37 Double-Bit Axe
11:48 Gold Mining
15:21 Fletching
21:53 Padded Archer Armor
22:06 Horse Collar
26:47 Castle Age
27:39 Thumb Ring
27:06 Crossbowman
30:11 Wheelbarrow
30:23 Ballistics
32:03 Hand Cart
32:32 Bodkin Arrow
32:52 Leather Archer Armor
36:43 Imperial Age
36:04 Gold Shaft Mining
35:21 Stone Mining
35:46 Bow Saw
38:50 Arbalester
40:37 Chemistry
40:14 Heavy Plow
40:34 Bracer
41:04 Ring Archer Armor
44:07 Fortified Wall
43:53 Murder Holes
43:44 Elite White Feather Guard
46:07 Conscription
49:18 Forging
49:08 Scale Mail Armor
50:00 Coiled Serpent Array
54:56 Chain Mail Armor
59:54 Two-Man Saw
107:33 Onager
Shoggi
6:28 Loom
8:43 Feudal Age
10:22 Double-Bit Axe
10:29 Horse Collar
18:01 Scale Barding Armor
20:35 Castle Age
20:04 Bloodlines
19:45 Gold Mining
21:05 Wheelbarrow
23:37 Scale Barding Armor
28:39 Stone Mining
29:43 Husbandry
30:30 Bow Saw
30:21 Heavy Plow
37:18 Imperial Age
36:07 Hand Cart
35:38 Town Watch
36:11 Hand Cart
37:19 Cavalier
38:21 Chain Barding Armor
38:55 Paladin
41:33 Light Cavalry
42:55 Plate Barding Armor
43:37 Hussar
45:56 Coinage
57:38 Fletching
57:57 Corvinian Army
76:00 Bodkin Arrow
76:27 Ballistics
77:07 Chemistry
Connection lost

Rejoining the realm…

Still unreachable

The connection could not be restored.

Session expired

The server has moved on; the page needs a fresh start.